 Dungeon Crawl Stone Soup version 0.22-a0-512-g0943f25 (webtiles) character file.

28 Gaball the Slasher (level 3, -3/27 HPs)
             Began as a Demonspawn Gladiator on June 18, 2018.
             Was a Follower of Vehumet.
             Killed from afar by Natasha (6 damage)
             ... with a magic dart
             ... on level 2 of the Dungeon.
             The game lasted 00:03:01 (1456 turns).

Gaball the Slasher (Demonspawn Gladiator)           Turns: 1456, Time: 00:03:03

Health: -3/27      AC:  6    Str: 15    XL:     3   Next: 0%
Magic:  2/3        EV: 12    Int:  9    God:    Vehumet [*.....]
Gold:   92         SH:  0    Dex: 14    Spells: 1/2 levels left

rFire    . . .     SeeInvis .     - Unarmed
rCold    . . .     Gourm    .   (no shield)
rNeg     . . .     Faith    .   b - +0 leather armour
rPois    .         Spirit   .   c - +0 helmet
rElec    .         Reflect  .   (no cloak)
rCorr    .         Harm     .   (no gloves)
MR       .....                  (no boots)
Stlth    +.........             (no amulet)
HPRegen  0.09/turn              (no ring)
MPRegen  0.08/turn              (no ring)

@: very slightly contaminated, slowed, very slow
A: claws 1, molten scales 1
a: Renounce Religion


You were on level 2 of the Dungeon.
You worshipped Vehumet.
Vehumet was aware of your devotion.
You were not hungry.

You visited 1 branch of the dungeon, and saw 2 of its levels.

You collected 92 gold pieces.

Inventory:

Missiles
 d - 3 throwing nets (quivered)
Armour
 b - a +0 leather armour (worn)
 c - a +0 helmet (worn)
Jewellery
 i - an uncursed ring of ice {unknown}
Scrolls
 e - 2 scrolls of teleportation {unknown}
 g - a scroll of enchant armour {unknown}
 j - a scroll of amnesia {unknown}
 k - a scroll of identify {unknown}
Comestibles
 a - a chunk of flesh
 f - 2 rations


   Skills:
 - Level 2.0 Fighting
   Level 3.1 Long Blades
 - Level 1.7 Throwing
 - Level 2.6 Dodging
 - Level 0.3 Stealth
 + Level 1.6 Unarmed Combat


You had one spell level left.
You knew the following spells:

 Your Spells              Type           Power        Failure   Level  Hunger
a - Shock                 Conj/Air       #...         45%         1    ##.....
Your spell library was empty.

Dungeon Overview and Level Annotations

Branches:
Dungeon (2/15)

Altars:
Vehumet

Annotations:
D:2 Natasha


Innate Abilities, Weirdness & Mutations

You have sharp fingernails.
You are partially covered in molten scales. (AC +2)


Message History

You resist with significant effort.
You barely miss Natasha.
Natasha is heavily wounded.
Natasha barely misses you.
You scratch Natasha.
Natasha is severely wounded.
Natasha stares at you and mumbles some strange words.
You feel yourself slow down.
You scratch Natasha.
Natasha is severely wounded.
Natasha claws you. Natasha casts a spell at you. The magic dart hits you!
* * * LOW HITPOINT WARNING * * *
You barely miss Natasha.
Natasha is severely wounded.
The iron imp disappears in a puff of smoke!
Natasha stares at you and mumbles some strange words.
The magic dart hits you!
You die...

#.# #.##.# #.#########.##.#
.............#.#
#.#########..#.#
#.#####<##...#.## ###
#.......##......# ....
#.##.#..........# ##.....
#.##.#..........####.......
#....#..........@h§'.....#
...#.#..##.....#####.....#
...#.#..##.....# .....#
...+....##..##.# .....#
...#.#..##..##.# .....#
...+............ .....#
...#.# ## #. #+#..# .......
..# .......


You could see Natasha.

Vanquished Creatures
  2 dart slugs (D:2)
  A leopard gecko (D:1)
  7 bats
  5 goblins
  3 hobgoblins
  2 frilled lizards (D:1)
  2 kobolds
  A rat (D:1)
23 creatures vanquished.

Notes
Turn   | Place    | Note
-------+----------+-------------------------------------------
     0 | D:1      | Gaball the Demonspawn Gladiator began the quest for the Orb.
     0 | D:1      | Reached XP level 1. HP: 16/16 MP: 1/1
   256 | D:1      | Reached skill level 3 in Long Blades
   391 | D:1      | Gained mutation: You have sharp fingernails. [demonic ancestry]
   391 | D:1      | Reached XP level 2. HP: 20/22 MP: 2/2
   934 | D:1      | Reached skill level 1 in Unarmed Combat
  1001 | D:2      | Found a faded altar of an unknown god.
  1010 | D:2      | Became a worshipper of Vehumet
  1010 | D:2      | Reached * piety under Vehumet
  1010 | D:2      | Offered knowledge of Shock by Vehumet.
  1013 | D:2      | Learned a level 1 spell: Shock
  1374 | D:2      | Gained mutation: You are partially covered in molten scales. (AC +2) [demonic ancestry]
  1374 | D:2      | Reached XP level 3. HP: 27/27 MP: 3/3
  1430 | D:2      | Noticed Natasha
  1456 | D:2      | Killed from afar by Natasha

Vault maps used:
D:1:      mushboom_english_gardens, serial_co_window_serial, co_window_paths_a,
          co_window_of_opportunity_a, co_window_paths_b,
          co_window_of_opportunity_a, co_window_corner_a, co_window_cross_1,
          co_window_corner_cb, co_window_paths_c, co_window_2corner,
          co_window_2corner, co_window_unsneaky_path_c, co_window_cross_2,
          co_window_broadway_c, glass_columns_b
D:2:      chequers_ecumenical_altar_simple, uniq_natasha

Skill      XL: |  1  2 |
---------------+-------+-----
Long Blades    | 3 |  3.1
Unarmed Combat | 1 |  1.6
Fighting       | |  2.0
Throwing       | |  1.7
Dodging        | |  2.6
Stealth        | |  0.3

Action                   || total
-------------------------++-------
Melee: Long sword        ||    21
       Unarmed           ||    53
  Use: Potion            ||     3
 Stab: Sleeping          ||     2
  Eat: Chunk             ||     2
Armor: Leather armour    ||    32
Dodge: Dodged            ||    39
       Rpst.: Long sword ||     4

Table legend:
 A = Spawn XP
 B = Non-spawn XP
 C = Spawn XP percentage of total XP
 D = Spawn monster count
 E = Non-spawn monster count
 F = Spawn count percentage of total count
 G = Total turns spent on level
                    A         B        C        D         E        F      G
               +---------+---------+-------+---------+---------+-------+---------
         Total |       0 |      41 |   0.0 |       0 |      23 |   0.0 |  1456
               +---------+---------+-------+---------+---------+-------+---------
           D:1 |       0 |      27 |   0.0 |       0 |      17 |   0.0 |   988
           D:2 |       0 |      14 |   0.0 |       0 |       6 |   0.0 |   468
               +---------+---------+-------+---------+---------+-------+---------
